Merlek, neutral male human Wizard --------------- |.<...a.......| |.....@...!.... --------------- Merlek the Wizard Experience level: 4 Strength: 8 Dexterity: 11 Constitution: 13 Intelligence: 19 Wisdom: 19 Charisma: 6 Health: 0(27) Energy: 42(42) Def: 3 Gold: 228 Moves: 1150 Dungeon seed [set]: Game ID: Merlek_1685662348 Your Inventory: Coins $ - 228 gold pieces Weapons a - a blessed +1 quarterstaff (weapon in hands) K - 6 uncursed +0 elven arrows (in quiver) Armor e - an uncursed +0 cloak of magic resistance (being worn) n - an uncursed +0 leather armor (being worn) Comestibles O - an uncursed eucalyptus leaf Scrolls u - an uncursed scroll of identify Spellbooks b - a blessed spellbook of force bolt c - an uncursed spellbook of light h - a blessed spellbook of cure blindness Potions M - an uncursed potion of sleeping Rings t - an uncursed ring of fire resistance Wands d - an uncursed wand of nothing (0:5) Tools g - an uncursed tin opener k - an uncursed door key I - an uncursed bag of holding N - an uncursed magic whistle Contents of the bag of holding: 183 gold pieces a [uncursed] lembas wafer a [uncursed] golden potion [of healing] a [uncursed] brass ring [of poison resistance] Spells and supernatural/magical abilities: Name Level Category Fail Memory a - force bolt 1 attack 0% 95% b - cure blindness 2 healing 23% 95% l - light 1 divination 0% 95% W - pray for help -- divine ? -- Your skills at the end: Miscellaneous Skills wands [Basic] Weapon Skills quarterstaff [Basic] Spellcasting Skills attack spells [Basic] enchantment spells [Basic] Final Attributes: You were devoutly aligned. You were magic-protected. You were somewhat stealthy. You are dead. Vanquished creatures: 2 rock piercers a giant ant a floating eye 2 hobbits 4 geckos 2 yellow molds a red mold 3 jackals a fox 3 newts 3 goblins 2 grid bugs a bat 3 lichens 2 kobold zombies 31 creatures vanquished. Voluntary challenges: You followed a strict vegan diet. You did not adorn yourself with jewelry or accessories. You did not cause conflict. You were not invisible. You did not have reflection. You were not displaced. You were an atheist. You used a wielded weapon 51 times, starting on turn 32. You did not apply a unicorn horn. You did not use plumbed fixtures. You did not drink any magical draughts. You read items or engraved 4 times, starting on turn 88. You never genocided any monsters. You never polymorphed an object. You never changed form. You used no wishes. You did not use any artifacts. You never split a pudding. You never wrote Elbereth's name. You violated your moral code, losing 1 point of alignment, starting on turn 681. Dungeon overview: The Dungeons of Doom: levels 1 to 6 Level 1 a fountain a long staircase Level 2 (mjollnir in shop 24k) a general store, a sink Level 3 a general store, an altar to Ptah a long staircase Level 4 a vault, a fountain Level 5 a bookstore, some fountains Level 6 <- You were here History has recorded: On T:1 you entered the Dungeons of Doom to retrieve the Amulet of Yendor! On T:299 you reached level 2 of The Dungeons of Doom. On T:385 you advanced to experience level 2. On T:524 you reached level 3 of The Dungeons of Doom. On T:718 you advanced to experience level 3. On T:747 you reached level 4 of The Dungeons of Doom. On T:900 you advanced to experience level 4. On T:1021 you reached level 5 of The Dungeons of Doom. On T:1143 you reached level 6 of The Dungeons of Doom. Score breakdown: Gold: 411 ( 41 points) Experience: 4 levels ( 300 points) Exploration: 6 levels ( 150 points) Discoveries: 5 items ( 250 points) Variety of kills: 15 monsters ( 750 points) Major goal: (nothing yet) ( 0 points) Survival: died (score multiplied by 3) Total score: 4473 Latest messages: You hit the newt. The newt bites! You kill the newt! The gecko bites! A gecko blocks your way. You hit the gecko! You kill the gecko! You see here a gecko corpse. $ - 81 gold pieces. You finish searching. The door resists! The door opens. The giant ant bites! (3x) You hit the giant ant! The giant ant bites! (2x) You kill the giant ant! The giant ant bites! (2x) You see here a giant ant corpse. The giant ant bites! You hit the giant ant. The giant ant bites! (2x) You die... Final status: Goodbye Merlek the Wizard, killed by a giant ant... You died in The Dungeons of Doom on dungeon level 6 with 4173 points, and 411 pieces of gold, after 1150 moves. You were level 4 with a maximum of 27 hit points when you died.